 Dungeon Crawl Stone Soup version 0.28.0-62-gf88900778d (webtiles) character file.

Game seed: 10836196278518057673

274 cbfl8 the Chopper (level 6, 0/55 HPs)
             Began as a Hill Orc Berserker on July 29, 2023.
             Was a Priest of Trog.
             Slain by a goblin
             ... wielding a +0 club
              (1 damage)
             ... on level 3 of the Dungeon on Aug 3, 2023.
             The game lasted 00:04:18 (5182 turns).

cbfl8 the Chopper (Hill Orc Berserker)              Turns: 5182, Time: 00:04:19

Health: 0/55       AC:  5    Str: 20    XL:     6   Next: 24%
Magic:  6/6        EV: 11    Int:  7    God:    Trog [***...]
Gold:   172        SH:  0    Dex: 12    Spells: 5/5 levels left

rFire   . . .      SeeInvis .   a - +0 hand axe
rCold   . . .      Faith    .   (no shield)
rNeg    . . .      Spirit   .   d - +0 ring mail
rPois   .          Reflect  .   (no helmet)
rElec   .          Harm     .   (no cloak)
rCorr   .          Rampage  .   (no gloves)
Will    ++...                   (no boots)
Stlth   +.........              (no amulet)
HPRegen 1.18/turn               (no ring)
MPRegen 0.10/turn               (no ring)

@: about to teleport, strong-willed, on berserk cooldown, regenerating, slowed,
very slow
A: no striking features
a: Renounce Religion, Berserk, Trog's Hand


You were on level 3 of the Dungeon.
You worshipped Trog.
Trog was most pleased with you.
You visited 1 branch of the dungeon, and saw 3 of its levels.

You collected 172 gold pieces.

Inventory:

Hand Weapons
 a - a +0 hand axe (weapon)
Missiles
 i - 4 javelins (quivered)
Armour
 d - a +0 ring mail (worn)
Jewellery
 n - a ring of resist corrosion
Scrolls
 g - a scroll of summoning {unknown}
 h - a scroll of immolation {unknown}
 k - a scroll of identify {unknown}
 m - a scroll of vulnerability {unknown}
Potions
 c - a potion of brilliance {unknown}
 e - a potion of cancellation {unknown}
 j - a potion of degeneration {unknown}
 l - a potion of heal wounds {unknown}


   Skills:
 + Level 4.8 Fighting
 + Level 6.4 Axes
 + Level 3.9 Armour
 - Level 1.5 Dodging
 + Level 0.2 Stealth
 * Level 2.1 Evocations


You had 5 spell levels left.
You didn't know any spells.
Your spell library was empty.

Dungeon Overview and Level Annotations

Branches:
Dungeon (3/15)

Altars:
Dithmenos
Okawaru
Vehumet
The Shining One


Message History

The goblin closely misses you. The hobgoblin hits you with a +0 club.
* * * LOW HITPOINT WARNING * * *
Your skin crawls.
You feel strong-willed. The hobgoblin hits you with a +0 club.
* * * LOW HITPOINT WARNING * * *
The goblin hits you but does no damage. The goblin closely misses you.
The hobgoblin hits you with a +0 club.
* * * LOW HITPOINT WARNING * * *
The hobgoblin barely misses you. The goblin hits you but does no damage.
The goblin hits you with a +0 club.
* * * LOW HITPOINT WARNING * * *
Unknown command.
It was a potion of curing.
You feel better. The hobgoblin closely misses you.
The goblin hits you but does no damage. x2; The hobgoblin closely misses you.
You feel better.
The hobgoblin hits you with a +0 club. x2
The goblin hits you with a +0 club. The goblin barely misses you.
The hobgoblin hits you with a +0 club!
* * * LOW HITPOINT WARNING * * *
The hobgoblin hits you with a +0 club.
* * * LOW HITPOINT WARNING * * *
The hobgoblin hits you but does no damage.
The goblin hits you but does no damage. The goblin misses you.
As you read the scroll labelled XOUPPAR JUQAS, it crumbles to dust.
You feel strangely unstable.
It was a scroll of teleportation.
The hobgoblin hits you with a +0 club.
* * * LOW HITPOINT WARNING * * *
The hobgoblin misses you. The hobgoblin hits you with a +0 club.
* * * LOW HITPOINT WARNING * * *
The goblin closely misses you. The goblin completely misses you.
The hobgoblin hits you with a +0 club.
* * * LOW HITPOINT WARNING * * *
Your skin crawls.
You feel strong-willed. The hobgoblin hits you with a +0 club.
* * * LOW HITPOINT WARNING * * *
The hobgoblin hits you with a +0 club.
* * * LOW HITPOINT WARNING * * *
The goblin hits you with a +0 club.
You die...

######### ######## ..#.....##
##......# ..)......###.......#
###.......#..)..gg.##'#
.)........#.†)..@g....#
))........'.))..gg....#
..........#...........#
###.......#........##'#
..)).....###..:....# .#
..#.....## ##......# #≈≈≈≈≈≈≈#
#################### #≈≈≈≈≈≈≈#
≈≈≈≈≈≈≈≈≈≈≈≈≈≈≈≈≈≈≈#####≈≈≈≈≈≈≈#
≈≈≈≈≈≈≈≈≈≈≈≈≈≈≈≈≈≈≈≈≈≈≈≈≈≈≈≈≈≈≈#


You could see 3 hobgoblins and 2 goblins.

Vanquished Creatures
  An orc priest (D:3)
  An orc wizard (D:3)
  5 adders
  A gnoll (D:3)
  2 adder zombies (D:2)
  A worm (D:3)
  7 orcs
  5 ball pythons
  A bat zombie (D:2)
  6 endoplasms
  4 giant cockroaches
  34 goblins
  27 hobgoblins
  12 jackals
  3 quokkas
  3 bats
  4 frilled lizards
  6 kobolds
  A quokka zombie (D:2)
  4 rats
128 creatures vanquished.

Notes
Turn   | Place    | Note
-------+----------+-------------------------------------------
     0 | D:1      | cbfl8 the Hill Orc Berserker began the quest for the Orb.
     0 | D:1      | Reached XP level 1. HP: 19/19 MP: 1/1
   279 | D:1      | Reached XP level 2. HP: 26/27 MP: 2/2
   359 | D:1      | Found a faded altar of an unknown god.
   459 | D:1      | Reached XP level 3. HP: 30/33 MP: 3/3
   505 | D:1      | Reached ** piety under Trog
   506 | D:1      | Reached skill level 1 in Evocations
   951 | D:2      | Reached skill level 5 in Axes
  1067 | D:2      | Reached XP level 4. HP: 35/40 MP: 4/4
  1163 | D:2      | Found an iron altar of Okawaru.
  2863 | D:3      | Reached XP level 5. HP: 15/47 MP: 5/5
  3129 | D:3      | Found a shadowy altar of Dithmenos.
  3532 | D:3      | Found a glowing golden altar of the Shining One.
  3556 | D:3      | Reached skill level 6 in Axes
  3957 | D:3      | Found a radiant altar of Vehumet.
  4399 | D:3      | Reached *** piety under Trog
  4537 | D:3      | Reached XP level 6. HP: 40/53 MP: 6/6
  5166 | D:3      | Reached **** piety under Trog
  5182 | D:3      | HP: 1/55 [hobgoblin/+0 club (2)]
  5182 | D:3      | Slain by a goblin

Illustrated notes

Levels and vault maps discovered:
D:1:      minmay_arrival_three_doors, layout_rooms,
          hellmonk_ecumenical_altar_dog_temple
D:2:      layout_basic, basic_altar, serial_undead, serial_undead_c,
          serial_undead_b, serial_undead_a, serial_undead_d
D:3:      minmay_goblin_kobold_castle, layout_loops_ring, marbit_many_paths,
          overflow_temple_1_default, mainiacjoe_overflow_paths,
          hangedman_decor_growths

Skill      XL: |  1  2  3  4  5  6 |
---------------+-------------------+-----
Fighting       | 4 |  4.8
Evocations     | 1 2 |  2.1
Axes           | 5 6 |  6.4
Armour         | 3 |  3.9
Dodging        | |  1.5
Stealth        | |  0.2

Action                   |  1- 3 |  4- 6 || total
-------------------------+-------+-------++-------
Melee: Hand axe          |   103 |   251 ||   354
       Punch             |     2 |     7 ||     9
Invok: Berserk           |       |     2 ||     2
       Trog's Hand       |       |     4 ||     4
  Use: Potion            |       |     2 ||     2
       Scroll            |       |     1 ||     1
Armor: Ring mail         |    49 |    92 ||   141
       Animal skin       |     1 |       ||     1
Dodge: Dodged            |    90 |   169 ||   259
